 Dungeon Crawl Stone Soup version 0.29-a0-383-g8b6f518c11 (webtiles) character file.

Game seed: 2989394749124517192

46 EnegeticOcto the Magician (level 3, 0/24 HPs)
             Began as a Mummy Air Elementalist on May 6, 2022.
             Slain by a goblin
             ... wielding a +0 dagger
             ... led by Robin
              (1 damage)
             ... on level 2 of the Dungeon.
             The game lasted 00:04:00 (2348 turns).

EnegeticOcto the Magician (Mummy Air Elementalist)  Turns: 2348, Time: 00:04:01

Health: 0/24       AC:  4    Str: 11    XL:     3   Next: 44%
Magic:  2/7        EV: 12    Int: 16    God:
Gold:   103        SH:  0    Dex: 12    Spells: 5/8 levels left

rFire   . . .      SeeInvis .   i - +1 mace (drain)
rCold   + . .      Faith    .   (no shield)
rNeg    + + +      Spirit   .   a - +0 robe
rPois   ∞          Reflect  .   b - +0 helmet
rElec   .          Harm     .   (no cloak)
rCorr   .          Rampage  .   (no gloves)
Will    .....                   k - +0 pair of boots
Stlth   ++........              j - amulet of magic regeneration
HPRegen 0.08/turn               h - ring of protection from fire
MPRegen 0.50/turn               (no ring)

@: no status effects
A: cold resistance 1, negative energy resistance 3, torment resistance 2, heat
vulnerability 1, in touch with death 1, no potions
a: no special abilities


You were on level 2 of the Dungeon.
You visited 1 branch of the dungeon, and saw 3 of its levels.

You collected 103 gold pieces.

Inventory:

Hand Weapons
 f - a +0 spear
   (You took it off a gnoll on level 1 of the Dungeon)
 i - a +1 mace of draining (weapon)
   (You took it off a kobold on level 2 of the Dungeon)
Missiles
 n - 6 poisoned darts
Armour
 a - a +0 robe (worn)
 b - a +0 helmet (worn)
   (You found it on level 1 of the Dungeon)
 k - a +0 pair of boots (worn)
   (You found it on level 2 of the Dungeon)
Jewellery
 h - a ring of protection from fire (left hand)
   (You found it on level 2 of the Dungeon)
 j - an amulet of magic regeneration (around neck)
   (You found it on level 2 of the Dungeon)
Scrolls
 d - a scroll of noise {unknown}
 e - a scroll of amnesia {unknown}
 g - a scroll of teleportation {@r3 !r}
 m - a scroll of fog {!r}


   Skills:
 - Level 1.5 Dodging
 + Level 2.5 Stealth
 - Level 3.0 Spellcasting
 - Level 2.0 Conjurations
 - Level 2.4 Air Magic


You had 5 spell levels left.
You knew the following spells:

 Your Spells              Type           Power      Damage    Failure   Level
b - Shock                 Conj/Air       36%        1d5       8%          1
c - Static Discharge      Conj/Air       9%         N/A       12%         2

Your spell library contained the following spells:

 Spells                   Type           Power      Damage    Failure   Level
 Swiftness                Air            10%        N/A       22%         3
 Inner Flame              Hex/Fire       2%         N/A       50%         3
 Airstrike                Air            5%         N/A       56%         4
 Cause Fear               Hex            1%         N/A       88%         4
 Discord                  Hex            1%         N/A       100%        8


Dungeon Overview and Level Annotations

Branches:
Dungeon (3/15)

Altars:

Shops:
D:2 (

Annotations:
D:2 Terence
D:3 Robin


Innate Abilities, Weirdness & Mutations

You are immune to poison.
Your flesh is cold resistant. (rC+)
You are immune to negative energy. (rN+++)
You are immune to unholy pain and torment.
You are vulnerable to heat. (rF-)
You are in touch with the powers of death.
You do not drink.


Message History

Aiming: Shock (safe; 8% risk of failure)
Press: ? - help, Shift-Dir - straight line, f/p - endoplasm
Aim: an endoplasm (moderately wounded, 97% to hit)
The zap hits the endoplasm.
You kill the endoplasm!
Magic restored.
Found a stone staircase leading down.
There is a stone staircase leading down here.
Partly explored, can't reach some items.
Partly explored, can't reach some items.
Search for what [? for help]? .
As you read the scroll labelled MOUNNAMPEGH, it crumbles to dust.
It is a scroll of identify.
l - a scroll of poison
As you read the scroll of identify {@r1}, it crumbles to dust.
m - a scroll of fog
As you read the scroll of identify {@r1}, it crumbles to dust.
g - a scroll of teleportation
(D) Dungeon
Where to? (Enter - D:2, ? - help)
You see here a +0 dagger.
There is a stone staircase leading down here.
You climb downwards.
The goblin shouts!
The hobgoblin shouts!
The goblin shouts!
You hear a shout!
The goblin shouts!
You hear a shout!
The goblin shouts!
You hear a shout!
Found 7 gold pieces and a scroll labelled MYEBLEUBATS.
There is a stone staircase leading up here.
There are monsters nearby!
A quokka comes into view.
Robin of the Strong Arm comes into view.
They are wielding a +0 club.
Found a scroll labelled KEDALY OPIRU.
The bat barely misses you. The goblin hits you with a +0 dagger.
The goblin hits you but does no damage.
A goblin comes into view. It is wielding a +0 dagger.
Casting: Shock (safe; 8% risk of failure)
Confirm with . or Enter, or press ? or * to list all spells.
The goblin is struck by an arc of lightning!
You kill the goblin!
The lightning grounds out.
The bat barely misses you. The goblin hits you with a +0 dagger.
Robin throws the goblin at you!
A goblin comes into view. It is wielding a +0 club.
Casting: Static Discharge (safe; 12% risk of failure)
Confirm with . or Enter, or press ? or * to list all spells.
The goblin is struck by an arc of lightning!
You kill the goblin!
The lightning grounds out.
The goblin hits you but does no damage. Robin throws the goblin at you!
The goblin barely misses you. The bat hits you but does no damage.
The goblin hits you but does no damage. The goblin misses you.
The hobgoblin closely misses you.
Casting: Static Discharge (safe; 12% risk of failure)
Confirm with . or Enter, or press ? or * to list all spells.
The bat is struck by an arc of lightning.
You kill the bat!
The lightning grounds out.
Robin roars a battlecry!
The goblins go into a battle-frenzy!
The goblin hits you with a +0 dagger. The goblin closely misses you.
A goblin comes into view. It is wielding a +0 dagger.
The goblin closely misses you. The goblin hits you but does no damage.
The goblin closely misses you. The hobgoblin barely misses you.
The goblin shouts!
The goblin attacks as you move away! The goblin hits you but does no damage.
The goblin hits you with a +0 dagger. The goblin completely misses you.
The goblin closely misses you. The hobgoblin hits you.
* * * LOW HITPOINT WARNING * * *
You see here 7 gold pieces.
The goblin hits you but does no damage.
There is a stone staircase leading up here.
Casting: Static Discharge (safe; 12% risk of failure)
Confirm with . or Enter, or press ? or * to list all spells.
The goblin is struck by an arc of lightning.
You kill the goblin!
The lightning grounds out.
The goblin is struck by an arc of lightning.
You kill the goblin!
The lightning grounds out.
The hobgoblin hits you.
* * * LOW HITPOINT WARNING * * *
Robin throws the goblin at you!
* * * LOW HITPOINT WARNING * * *
The goblin hits you but does no damage. The goblin closely misses you.
Casting: Static Discharge (safe; 12% risk of failure)
Confirm with . or Enter, or press ? or * to list all spells.
The goblin is struck by an arc of lightning.
You kill the goblin!
The lightning grounds out.
The quokka misses you. The goblin hits you with a +0 dagger.
* * * LOW HITPOINT WARNING * * *
The hobgoblin barely misses you. The goblin closely misses you.
The quokka bites you.
* * * LOW HITPOINT WARNING * * *
The goblin hits you but does no damage. The quokka closely misses you.
The goblin barely misses you.
The hobgoblin hits you but does no damage.
The goblin barely misses you.
You climb upwards.
Level annotation: Terence
There is a stone staircase leading down here.
The air fills with toxic fumes!
As you read the scroll of poison, it crumbles to dust.
The quokka barely misses you. The goblin hits you with a +0 dagger.
You die...

.....##...# #..#.##.##..#####.##.
#....##...###..#§##.##..##.......
#....##...#§§§.§§##.##..#####.##.
..........!.§§.§§§...............
#.#..##...#.#§§#§§...............
#.#..##...#.#.§#§##.##...........
...............§§§...............
..........#.#.##r##.##..######...
............#.##@##..............
.........§§§§§§ggg§§##..######...
#.#####.#§§§#§##g#####..# #...
#.# #.#...####§# #..# #... #.#
#.#...# #§# ##.# #... #.# #.#...#
#§# #.# #...
#)#####.#...####§######.######...
#..............§§§...............
#.#######...#.##.######.######...


You could see a quokka, a hobgoblin (strong) and 3 goblins.

Vanquished Creatures
  A gnoll (D:1)
  A worm (D:2)
  An orc (D:2)
  6 endoplasms
  7 goblins
  2 kobolds
  6 bats
  2 frilled lizards
  4 rats
30 creatures vanquished.

Notes
Turn   | Place    | Note
-------+----------+-------------------------------------------
     0 | D:1      | EnegeticOcto the Mummy Air Elementalist began the quest for
                  | the Orb.
     0 | D:1      | Reached XP level 1. HP: 13/13 MP: 4/4
   331 | D:1      | Reached skill level 2 in Stealth
   347 | D:1      | Reached skill level 1 in Conjurations
   795 | D:1      | Reached XP level 2. HP: 19/19 MP: 1/5
   953 | D:1      | Found a faded altar of an unknown god.
  1131 | D:2      | Learned a level 2 spell: Static Discharge
  1234 | D:2      | Reached skill level 2 in Conjurations
  1508 | D:2      | Found Foqausch's Weapon Shop.
  1510 | D:2      | Noticed Terence
  1531 | D:2      | Reached skill level 3 in Spellcasting
  1753 | D:2      | Gained mutation: You are in touch with the powers of death.
                  | [Mummy growth]
  1753 | D:2      | Reached XP level 3. HP: 24/24 MP: 0/7
  2337 | D:3      | Noticed Robin
  2346 | D:3      | HP: 1/24 [quokka (1)]
  2348 | D:2      | Slain by a goblin

Illustrated notes

Levels and vault maps discovered:
D:1:      lemuel_arrival_lava_pool, layout_basic,
          chequers_ecumenical_altar_grove
D:2:      layout_basic, serial_shops, nicolae_shop_competitors_out_of_business,
          uniq_terence
D:3:      layout_rooms, minmay_statues_item, minmay_misc_feat_room,
          minmay_unequal, uniq_robin

Skill      XL: |  1  2 |
---------------+-------+-----
Stealth        | 2 |  2.5
Conjurations   | 1 2 |  2.0
Spellcasting   | 3 |  3.0
Dodging        | |  1.5
Air Magic      | |  2.4

Action                   || total
-------------------------++-------
Melee: Mace              ||     3
       Spear             ||     1
 Cast: Shock             ||    38
       Static Discharge  ||    17
  Use: Scroll            ||     4
Armor: Robe              ||    13
Dodge: Dodged            ||    32

Table legend: (Time is in decaauts)
 A = Elapsed time spent in this place.
 B = Non-inter-level travel time spent in this place.
 C = Inter-level travel time spent in this place.
 D = Time resting spent in this place.
 E = Time spent auto-exploring this place.
 F = Levels seen in this place.
 G = Mean time per level.
                   A        B        C        D        E       F      G
               +--------+--------+--------+--------+--------+-----+--------+
         Total |   2347 |   2280 |     67 |    173 |   1783 |   3 |  782.3 |
       Dungeon |   2347 |   2280 |     67 |    173 |   1783 |   3 |  782.3 |
               +--------+--------+--------+--------+--------+-----+--------+

Top non-repeatable levels by time:
     D:2: 1246 daAuts
     D:1: 1090 daAuts
     D:3: 10 daAuts
